 Dungeon Crawl Stone Soup version 0.27.0-1-g7a089689b8 (webtiles) character file.

Game seed: 9452966093780346317

8602 hilljack the Spear-Bearer (level 11, -2/97 HPs)
             Began as a Minotaur Gladiator on Aug 14, 2021.
             Was a Priest of Kikubaaqudgha.
             Killed from afar by a starcursed mass (7 damage)
             ... with an accursed screaming
             ... on level 2 of the Abyss.
             The game lasted 00:19:01 (7339 turns).

hilljack the Spear-Bearer (Minotaur Gladiator)      Turns: 7339, Time: 00:19:02

Health: -2/97      AC: 20    Str: 18    XL:     11   Next: 12%
Magic:  10/10      EV: 16    Int:  5    God:    Kikubaaqudgha [***...]
Gold:   380        SH:  0    Dex: 16    Spells: 10/10 levels left

rFire    + . .     SeeInvis .   w - +1 trident (protect)
rCold    + . .     Faith    .   (no shield)
rNeg     + . .     Spirit   .   b - +0 leather armour
rPois    +         Reflect  .   c - +0 hat
rElec    +         Harm     .   i - +2 cloak
rCorr    .         Rampage  .   m - +2 pair of gloves
Will     .....                  z - +1 pair of boots {Fly}
Stlth    +.........             x - amulet of Qoucrim {Acrobat rC+}
HPRegen  0.26/turn              h - ring "Sigill" {Drain rElec rPois rN+}
MPRegen  0.12/turn              n - ring of protection from fire

@: under a protective aura, flying, studying Polearms
A: horns 2, retaliatory headbutt
a: Renounce Religion, Receive Corpses


You were on level 2 of the Abyss.
You worshipped Kikubaaqudgha.
Kikubaaqudgha was most pleased with you.
You visited 2 branches of the dungeon, and saw 8 of its levels.
You visited the Abyss 1 time.

You collected 380 gold pieces.

Inventory:

Hand Weapons
 w - a +1 trident of protection (weapon)
Missiles
 o - 36 bolts
 q - 28 poisoned darts
 r - 61 arrows
Armour
 b - a +0 leather armour (worn)
 c - a +0 hat (worn)
 i - a +2 cloak (worn)
 m - a +2 pair of gloves (worn)
 z - a +1 pair of boots of flying (worn)
Jewellery
 h - the ring "Sigill" (left hand) {Drain rElec rPois rN+}
   (You acquired it on level 1 of the Dungeon)

   [ring of positive energy]

   rElec:     It insulates you from electricity.
   rPois:     It protects you from poison.
   rN:        It protects you from negative energy.
   Drain:     It drains your maximum health when unequipped.
 l - a ring of resist corrosion
 n - a ring of protection from fire (right hand)
 x - the amulet of Qoucrim (around neck) {Acrobat rC+}
   (You acquired it on level 7 of the Dungeon)

   [amulet of the acrobat]

   It increases your evasion while moving and waiting.
   rC:        It protects you from cold.
Wands
 a - a wand of flame (24) (quivered)
Scrolls
 f - 3 scrolls of teleportation
 t - a scroll of enchant armour
Potions
 e - 2 potions of brilliance
 p - a potion of flight


   Skills:
 + Level 9.6 Fighting
 + Level 10.8 Polearms
 + Level 8.0 Throwing
 + Level 9.2 Armour
 + Level 9.2 Dodging


You had 10 spell levels left.
You didn't know any spells.
Your spell library contained the following spells:

 Spells                   Type           Power      Damage    Failure   Level
 Apportation              Tloc           0%         N/A       52%         1
 Pain                     Necr           0%         1d4       52%         1
 Corpse Rot               Necr/Air       N/A        N/A       67%         2
 Sublimation of Blood     Necr           0%         N/A       67%         2
 Vampiric Draining        Necr           0%         2d6       88%         3
 Animate Dead             Necr           0%         N/A       99%         4
 Dispel Undead            Necr           0%         3d6       99%         4
 Fulminant Prism          Conj/Hex       0%         3d6       99%         4
 Iskenderun's Mystic Bla  Conj/Tloc      0%         2d3       99%         4
 Alistair's Intoxication  Tmut/Pois      0%         N/A       100%        5
 Borgnjor's Vile Clutch   Necr/Erth      0%         N/A       100%        5
 Excruciating Wounds      Necr           0%         N/A       100%        5
 Freezing Cloud           Conj/Ice/Air   0%         6-21      100%        5
 Lee's Rapid Deconstruct  Erth           0%         3d5*      100%        5
 Death Channel            Necr           0%         N/A       100%        6
 Invisibility             Hex            0%         N/A       100%        6
 Simulacrum               Ice/Necr       0%         N/A       100%        6
 Polar Vortex             Ice            0%         N/A       100%        9


Dungeon Overview and Level Annotations

Branches:
Dungeon (7/15)             Temple (1/1) D:7

Altars:
Ashenzari
Cheibriados
Dithmenos
Elyvilon
Fedhas
Gozag
Hepliaklqana
Kikubaaqudgha
Makhleb
Nemelex Xobeh
Okawaru
Qazlal
Ru
Sif Muna
Trog
Uskayaw
Vehumet
Wu Jian
Xom
Yredelemnul
Zin
The Shining One

Annotations:
D:7 Menkaure


Innate Abilities, Weirdness & Mutations

You have a pair of horns on your head.
You reflexively headbutt those who attack you in melee.


Message History

You hit the starcursed mass but do no damage.
Your weapon exudes an aura of protection.
Reach: w) +1 trident (protect)
Press: ? - help, Dir - move target, f/p - starcursed mass
Aim: a starcursed mass (about 2% to evade your +1 trident of protection)
You hit the starcursed mass.
The starcursed mass is lightly damaged.
The starcursed mass shudders and withdraws towards its neighbour.
A starcursed mass splits.
A chorus of shrieks assaults your mind.
* * * LOW HITPOINT WARNING * * *
Reach: w) +1 trident (protect)
Press: ? - help, Dir - move target, f/p - starcursed mass
Aim: a starcursed mass (lightly damaged, about 2% to evade your +1 trident of protection)
You reach to attack!
You hit the starcursed mass but do no damage.
The starcursed mass is lightly damaged.
The white imp misses you.
Reach: w) +1 trident (protect)
Press: ? - help, Dir - move target, f/p - starcursed mass
Aim: a starcursed mass (lightly damaged, about 2% to evade your +1 trident of protection)
You reach to attack!
You hit the starcursed mass.
The starcursed mass is moderately damaged.
The starcursed mass shudders and is absorbed by its neighbour.
The white imp misses you. You furiously retaliate!
You headbutt the white imp!
A starcursed mass splits.
Reach: w) +1 trident (protect)
Press: ? - help, Dir - move target, f - white imp
Aim: a white imp (almost dead, about 31% to evade your +1 trident of protection)
You puncture the white imp!
You kill the white imp!
Kikubaaqudgha accepts your kill.
Reach: w) +1 trident (protect)
Press: ? - help, Dir - move target, f - starcursed mass
Aim: a starcursed mass (about 2% to evade your +1 trident of protection)
You reach to attack!
You completely miss the starcursed mass.
A chorus of shrieks assaults your mind.
You die...
Kikubaaqudgha rasps: "You have failed me!
Welcome... death!"

#.# # ##. .
..# #.# .
##.. #.. #
. #. .. ...
.# . ###
...##.###
#..# ##.X..
# ..#..5#
.#X## ..
.#....#XX.#
.. . ##
#..##.##
#..
####@..## .
####.# .
### #


You could see 4 starcursed masses.

Vanquished Creatures
  A tentacled starspawn (Abyss:2)
  A hydra (D:7)
  An ogre mage (D:7)
  2 two-headed ogres (D:7)
  Pikel (D:4)
  A cyclops (D:7)
  Grinder (D:3)
  Sigmund (D:6)
  A shadow (D:6)
  Edmund (D:5)
  2 water moccasins
  2 orc warriors
  An ice beast (D:7)
  A black bear (D:7)
  A sky beast (D:6)
  A necrophage (D:4)
  2 ogres (D:7)
  A centaur (D:7)
  2 kobold brigands (D:7)
  A wyvern zombie (D:7)
  3 wyvern skeletons
  3 wights
  2 centaur zombies (D:6)
  Crazy Yiuf (D:4)
  2 bullfrog zombies
  2 centaur skeletons
  2 jellies
  An orc priest (D:5)
  A bullfrog skeleton (D:6)
  4 iguanas
  3 orc wizards
  Terence (D:3)
  A hound zombie (D:5)
  Robin (D:4)
  A howler monkey zombie (D:6)
  4 adders
  2 shadow imps
  3 white imps
  An ufetubus (D:6)
  2 worms (D:2)
  A dart slug (D:4)
  26 orcs
  8 ball pythons
  13 endoplasms
  2 giant cockroaches (D:1)
  16 goblins
  9 hobgoblins
  16 jackals
  A quokka (D:2)
  7 bats
  5 frilled lizards
  24 kobolds
  2 rats (D:2)
195 creatures vanquished.

Vanquished Creatures (others)
  A wizard (D:7)
  2 fungi (D:1)
  2 starspawn tentacles (Abyss:2)
5 creatures vanquished.

Grand Total: 200 creatures vanquished

Notes
Turn   | Place    | Note
-------+----------+-------------------------------------------
     0 | D:1      | hilljack the Minotaur Gladiator began the quest for the
                  | Orb.
     0 | D:1      | Reached XP level 1. HP: 18/18 MP: 0/0
   172 | D:1      | Reached XP level 2. HP: 17/25 MP: 1/1
   212 | D:1      | Reached skill level 1 in Armour
   560 | D:1      | Reached XP level 3. HP: 23/30 MP: 2/2
   561 | D:1      | Reached skill level 4 in Polearms
   703 | D:1      | Found a faded altar of an unknown god.
   752 | D:1      | Identified a scroll of acquirement
   752 | D:1      | Acquired the ring "Sigill" {Drain rElec rPois rN+}
  1012 | D:2      | Found an ornate altar of the Wu Jian Council.
  1166 | D:2      | Reached XP level 4. HP: 31/38 MP: 3/3
  1810 | D:3      | Noticed Terence
  1823 | D:3      | Killed Terence
  1824 | D:3      | Reached XP level 5. HP: 30/45 MP: 4/4
  1956 | D:3      | Noticed Grinder
  1973 | D:3      | Killed Grinder
  1974 | D:3      | Reached skill level 5 in Polearms
  1974 | D:3      | Reached XP level 6. HP: 28/52 MP: 5/5
  2319 | D:3      | Found an ancient bone altar of Kikubaaqudgha.
  2374 | D:3      | Became a worshipper of Kikubaaqudgha
  2778 | D:4      | Noticed Pikel
  2820 | D:4      | Killed Pikel
  2821 | D:4      | Reached skill level 5 in Fighting
  2821 | D:4      | Reached skill level 6 in Polearms
  2821 | D:4      | Reached skill level 5 in Dodging
  2821 | D:4      | Reached XP level 7. HP: 21/61 MP: 6/6
  2856 | D:4      | Reached * piety under Kikubaaqudgha
  2856 | D:4      | Received a gift from Kikubaaqudgha
  3088 | D:4      | Noticed Robin
  3105 | D:4      | Killed Robin
  3186 | D:4      | Found a shimmering blue altar of Sif Muna.
  3189 | D:4      | Found a shimmering altar of Xom.
  3189 | D:4      | Found a basalt altar of Yredelemnul.
  3202 | D:4      | Found an opulent altar of Gozag.
  3205 | D:4      | Found a stormy altar of Qazlal.
  3304 | D:4      | Found a runed translucent door.
  3305 | D:4      | Noticed Crazy Yiuf
  3452 | D:4      | Killed Crazy Yiuf
  3488 | D:5      | Entered Level 5 of the Dungeon
  3516 | D:5      | Reached XP level 8. HP: 63/69 MP: 7/7
  3779 | D:5      | Noticed Edmund
  3786 | D:5      | Killed Edmund
  3787 | D:5      | Reached skill level 5 in Armour
  3968 | D:5      | Found a sparkling altar of Nemelex Xobeh.
  4327 | D:6      | Reached ** piety under Kikubaaqudgha
  4443 | D:6      | Reached skill level 5 in Throwing
  4573 | D:6      | Noticed Sigmund
  4593 | D:6      | Killed Sigmund
  4594 | D:6      | Reached skill level 7 in Polearms
  4771 | D:6      | Reached XP level 9. HP: 36/78 MP: 8/8
  5649 | D:7      | Noticed a two-headed ogre
  5657 | D:7      | Noticed a wizard
  5660 | D:7      | Noticed a wizard
  5668 | D:7      | Killed a two-headed ogre
  5669 | D:7      | Reached skill level 8 in Polearms
  5671 | D:7      | Killed a wizard
  5945 | D:7      | Noticed a cyclops
  5952 | D:7      | Killed a cyclops
  5953 | D:7      | Reached XP level 10. HP: 79/88 MP: 9/9
  6202 | D:7      | Noticed a two-headed ogre
  6215 | D:7      | Killed a two-headed ogre
  6216 | D:7      | Reached skill level 9 in Polearms
  6217 | D:7      | Reached *** piety under Kikubaaqudgha
  6217 | D:7      | Received a gift from Kikubaaqudgha
  6483 | D:7      | Acquired a manual of Polearms
  6485 | D:7      | Acquired a +1 pair of boots of flying
  6492 | D:7      | Acquired the amulet of Qoucrim {Acrobat rC+}
  6504 | D:7      | Noticed an ogre mage
  6517 | D:7      | Paralysed by something for 6 turns
  6537 | D:7      | Killed an ogre mage
  6664 | D:7      | Noticed a five-headed hydra
  6677 | D:7      | Noticed Menkaure
  6959 | D:7      | Found a staircase to the Ecumenical Temple.
  6966 | Temple   | Entered the Ecumenical Temple
  7118 | D:7      | Killed a five-headed hydra
  7119 | D:7      | Reached skill level 10 in Polearms
  7140 | D:7      | Cast into level 2 of the Abyss (a wizard)
  7158 | Abyss:2  | Noticed a thrashing horror
  7264 | Abyss:2  | Noticed a tentacled starspawn
  7265 | Abyss:2  | Noticed a large abomination
  7281 | Abyss:2  | HP: 4/91 [tentacled starspawn (5)]
  7284 | Abyss:2  | Killed a tentacled starspawn
  7285 | Abyss:2  | Reached XP level 11. HP: 5/97 MP: 10/10
  7328 | Abyss:2  | Noticed a starcursed mass
  7335 | Abyss:2  | HP: 4/97 [starcursed mass/accursed screaming (6)]
  7339 | Abyss:2  | Killed from afar by a starcursed mass

Illustrated notes

Levels and vault maps discovered:
D:1:      dpeg_cavernosity, layout_rooms, hellmonk_ecumenical_altar_zigzags
D:2:      layout_loops_ring, basic_altar
D:3:      layout_rooms, mainiacjoe_overflow_alcove_4, serial_bayou_crossing,
          uniq_terence, uniq_grinder
D:4:      layout_basic, minmay_overflow_temple_star_hex,
          uniq_crazy_yiuf_cottage, uniq_robin, uniq_pikel
D:5:      layout_rooms, nemelex_altar_shiori, serial_bayou_pond_c,
          eino_small_chamber_without_monster, uniq_edmund
D:6:      layout_gridville, uniq_sigmund
D:7:      layout_loops_ring, minmay_temple_entry_tees, serial_shops,
          nicolae_shop_crystal, nicolae_stop_n_shop_2, supply_closet_lemuel,
          minmay_the_grid_2x2 [minmay_the_grid_tri_star, minmay_the_grid_expand,
          minmay_the_grid_mess, minmay_the_grid_prize_big_room],
          uniq_prince_ribbit1, uniq_menkaure
Temple:   regret_index_temple_waves
Abyss:2:  base:
D:1

Skill      XL: |  1  2  3  4  5  6  7  8  9 10 |
---------------+-------------------------------+-----
Armour         | 1 2 3 4 6 7 9 |  9.2
Fighting       | 3 4 5 6 8 9 |  9.6
Polearms       | 4 5 6 7 8 10 | 10.8
Dodging        | 4 5 6 7 9 |  9.2
Throwing       | 3 4 5 6 8 |  8.0

Action                   |  1- 3 |  4- 6 |  7- 9 | 10-12 || total
-------------------------+-------+-------+-------+-------++-------
Melee: Trident           |    99 |   150 |   236 |   145 ||   630
       Headbutt          |     9 |    27 |    47 |    29 ||   112
Throw: Throwing net      |       |     2 |     3 |     2 ||     7
       Dart              |       |       |    22 |       ||    22
Evoke: Wand              |       |       |     4 |     4 ||     8
  Use: Scroll            |     4 |     4 |     3 |     8 ||    19
       Potion            |       |     5 |       |     4 ||     9
 Stab: Sleeping          |     2 |     2 |       |       ||     4
       Distracted        |     1 |       |       |     2 ||     3
       Held in net/web   |       |       |     1 |       ||     1
Armor: Leather armour    |    16 |    41 |    73 |    36 ||   166
       Skin              |       |    15 |       |    28 ||    43
Dodge: Dodged            |    41 |    60 |   123 |   111 ||   335
